[Event "Minior-SM 2025"]
[Site "Uppsala, Sweden"]
[Date "2025.07.04"]
[Round "7.1"]
[White "Leon, David"]
[Black "Modig, Ville"]
[Result "1-0"]
[TimeControl "90 min for 40 move + 30 min with an increment of 30 sec starting move 1"]
[WhiteFideId "1785338"]
[BlackFideId "1777858"]
[WhiteElo "1734"]
[BlackElo "1585"]

1. e4 e5 2. Nc3 Nc6 3. Bc4 Bc5 4. d3 d6 5. Na4 Bb6 6. Nxb6 axb6 7. f4 Nf6 8. Nf3 Be6 9. Bxe6 fxe6 10.
fxe5 Nxe5 11. Nxe5 dxe5 12. O-O O-O 13. Be3 Qd7 14. h3 Qe8 15. Qd2 Rd8 16. Qc3 Nd7 17. Rxf8+ Qxf8 18. Qxc7 Qe7 19.
Bxb6 Re8 20. Be3 b5 21. Bg5 Qxg5 22. Qxd7 Rf8 23. Qxe6+ Kh8 24. Qd6 Qf4 25. Qc5 h6 26. b4 Rf6 27.
a4 Rg6 28. Qf2 Qg5 29. a5 Rf6 30. Qe2 Rf8 31. c4 Qd8 32. Qe3 bxc4 33. dxc4 Rf7 34. a6 Rd7 35. a7 Qa8 36. Qb6 Rxa7 37.
Qxa7 Qxe4 38. Qa8+ 1-0

[Event "Minior-SM 2025"]
[Site "Uppsala, Sweden"]
[Date "2025.07.04"]
[Round "7.2"]
[White "Andreasson, Leo"]
[Black "Thamarai, Yohan"]
[Result "1-0"]
[TimeControl "90 min for 40 move + 30 min with an increment of 30 sec starting move 1"]
[WhiteFideId "1768980"]
[BlackFideId "1773011"]
[WhiteElo "1636"]
[BlackElo "1761"]

1. c4 e5 2. Nc3 Nf6 3. g3 d5 4. cxd5 Nxd5 5. e4 Nxc3 6. bxc3 c5 7. Bg2 Nc6 8. Nf3 Be7 9. Bb2 Bf6 10.
O-O O-O 11. Qc2 Bg4 12. Rfe1 Rc8 13. h3 Bxf3 14. Bxf3 Qe7 15. Rab1 Rfd8 16. d3 Rc7 17. Ba3 b6 18. Bb2 Qd7 19.
Red1 Qxh3 20. Bg2 Qc8 21. f4 Qg4 22. Qf2 exf4 23. Qxf4 Qxf4 24. gxf4 Rcd7 25. e5 Bxe5 26. Bxc6 Rd6 27.
fxe5 Rxc6 28. d4 cxd4 29. cxd4 Rg6+ 30. Kf2 Kf8 31. Kf3 f5 32. d5 Rh6 33. e6 g5 34. Rbc1 Rh3+ 35. Kg2 g4 36.
Rc7 Re3 37. e7+ 1-0

[Event "Minior-SM 2025"]
[Site "Uppsala, Sweden"]
[Date "2025.07.04"]
[Round "7.3"]
[White "Dahlin, Emil"]
[Black "Lang Sohl, Benjamin"]
[Result "1/2-1/2"]
[TimeControl "90 min for 40 move + 30 min with an increment of 30 sec starting move 1"]
[WhiteFideId "1771035"]
[BlackFideId "1790250"]
[WhiteElo "1657"]
[BlackElo "1552"]

1. e4 e5 2. Nf3 Nc6 3. Bc4 Nf6 4. d3 Bc5 5. c3 d6 6. O-O O-O 7. Nbd2 a5 8. Re1 Be6 9. Bb3 Ne7 10.
Nf1 Ng6 11. Ng3 Re8 12. d4 Bb6 13. Bxe6 Rxe6 14. d5 Re8 15. Be3 c6 16. dxc6 Bxe3 17. Rxe3 bxc6 18. Nf5 d5 19. exd5 cxd5 20.
Re1 Rb8 21. Qc2 Qb6 22. Rab1 Rbc8 23. Qd1 Rcd8 24. N5h4 1/2-1/2

[Event "Minior-SM 2025"]
[Site "Uppsala, Sweden"]
[Date "2025.07.04"]
[Round "7.4"]
[White "Sun Aslund, Bruce"]
[Black "Nivstrand Wikdahl, Sion"]
[Result "1/2-1/2"]
[TimeControl "90 min for 40 move + 30 min with an increment of 30 sec starting move 1"]
[WhiteFideId "1785010"]
[BlackFideId "1781537"]
[WhiteElo "1759"]
[BlackElo "1604"]

1. e4 c5 2. c4 Nc6 3. Nc3 g6 4. g3 Bg7 5. Bg2 d6 6. d3 e5 7. Be3 Be6 8. Nge2 Nge7 9. O-O O-O 10.
a3 a5 11. f4 f5 12. fxe5 Bxe5 13. Nf4 Qd7 14. Nxe6 Qxe6 15. Bh6 Bg7 16. Bxg7 Kxg7 17. Nd5 Qe5 18. Rb1 Nxd5 19. exd5 Qd4+ 20.
Kh1 Ne5 21. Re1 Nxd3 22. Re7+ Rf7 23. Rxf7+ Kxf7 24. Qc2 Nf2+ 25. Kg1 Ng4+ 26. Kh1 Qf2 27. Qxf2 Nxf2+ 28. Kg1 Ng4 29. Rc1 Re8 30.
h3 Ne5 31. Rc3 Kf6 32. Bf1 Nd7 33. Kf2 g5 34. Rf3 Re5 35. Bd3 h5 36. g4 hxg4 37. hxg4 f4 38. Rh3 Nf8 39. Bf5 Re7 40.
Rh6+ Ke5 41. Rh5 1/2-1/2

[Event "Minior-SM 2025"]
[Site "Uppsala, Sweden"]
[Date "2025.07.05"]
[Round "8.1"]
[White "Leon, David"]
[Black "Dahlin, Emil"]
[Result "0-1"]
[TimeControl "90 min for 40 move + 30 min with an increment of 30 sec starting move 1"]
[WhiteFideId "1785338"]
[BlackFideId "1771035"]
[WhiteElo "1734"]
[BlackElo "1657"]

1. e4 e5 2. Nc3 Nf6 3. f4 d5 4.
exd5 Nxd5 5. Nxd5 Qxd5 6. fxe5 Qxe5+ 7. Qe2 Qxe2+ 8. Bxe2 Bc5 9. Nf3 Nc6 10. c3 Bg4 11. d4 Bd6 12. h3 Bg3+ 13.
Kf1 Bf5 14. Be3 O-O-O 15. Bf2 Bxf2 16. Kxf2 Rhe8 17. Bb5 f6 18. Bxc6 bxc6 19. Rhe1 Kb7 20. Nd2 Bg6 21. Nb3 Bf7 22.
Nc5+ Kc8 23. a3 Rxe1 24. Rxe1 Re8 25. Rxe8+ Bxe8 26. Ne6 g6 27. Nf8 h6 28. Nh7 f5 29. Nf6 Bf7 30. Ke3 g5 31.
h4 Bg6 32. hxg5 hxg5 33. d5 cxd5 34. Nxd5 Kd7 35. Nb4 Kd6 36. Kf3 Bh5+ 37. Ke3 f4+ 38. Ke4 Bg6+ 39. Kf3 c5 40. Na2 Bf5 41.
b4 Ke5 42. g3 g4+ 43. Kf2 f3 44. Ke3 Kd5 45. Nc1 cxb4 46. axb4 Kc4 47. Kd2 Bb1 0-1

[Event "Minior-SM 2025"]
[Site "Uppsala, Sweden"]
[Date "2025.07.05"]
[Round "8.2"]
[White "Lang Sohl, Benjamin"]
[Black "Andreasson, Leo"]
[Result "0-1"]
[TimeControl "90 min for 40 move + 30 min with an increment of 30 sec starting move 1"]
[WhiteFideId "1790250"]
[BlackFideId "1768980"]
[WhiteElo "1552"]
[BlackElo "1636"]

1. e4 c6 2. d4 d5 3. e5 Bf5 4.
Nf3 e6 5. Be2 c5 6. Be3 Nd7 7. c3 cxd4 8. cxd4 Bb4+ 9. Nbd2 Ne7 10. O-O Nc6 11. a3 Be7 12. Rc1 O-O 13. Re1 Nb6 14.
Nf1 Rc8 15. Ng3 Bg6 16. Bd3 Bxd3 17. Qxd3 Nc4 18. Rc2 b5 19. Rec1 Qd7 20. Nd2 N6a5 21. b4 Nxe3 22. Rxc8 Rxc8 23.
Rxc8+ Qxc8 24. fxe3 Qc1+ 25. Ndf1 Nc4 26. e4 Qxa3 27. Qe2 Qxb4 28. exd5 exd5 29. e6 Nd6 30. Ne3 Qxd4 31. exf7+ Kxf7 32.
Qf2+ Kg8 33. Nh5 Ne4 34. Qf3 Qa1+ 35. Nf1 Bc5+ 36. Kh1 Qd4 0-1

[Event "Minior-SM 2025"]
[Site "Uppsala, Sweden"]
[Date "2025.07.05"]
[Round "8.3"]
[White "Modig, Ville"]
[Black "Thamarai, Yohan"]
[Result "0-1"]
[TimeControl "90 min for 40 move + 30 min with an increment of 30 sec starting move 1"]
[WhiteFideId "1777858"]
[BlackFideId "1773011"]
[WhiteElo "1585"]
[BlackElo "1761"]

1. e4 c6 2. d4 d5 3. exd5 cxd5 4. Nf3 Nc6 5. Bd3 Nf6 6. Bf4 Bg4 7. c3 e6 8. Nbd2 Bd6 9. Bxd6 Qxd6 10.
O-O O-O 11. h3 Bh5 12. Rc1 Rfe8 13. Re1 h6 14. Nf1 e5 15. dxe5 Nxe5 16. N1h2 Nxf3+ 17. Nxf3 Rxe1+ 18. Qxe1 Bxf3 19.
gxf3 Re8 20. Qd2 Qe5 21. Bf1 Nh5 22. Qd4 Qg5+ 23. Qg4 Qxc1 24. Qxh5 Re1 25. Kh2 Rxf1 26. Kg2 Rg1+ 27. Kh2 Rh1+ 28. Kg2 Rg1+ 29. Kh2 Qf1 0-1

[Event "Minior-SM 2025"]
[Site "Uppsala, Sweden"]
[Date "2025.07.05"]
[Round "8.4"]
[White "Gohlin Skoglund, Dorian"]
[Black "Cui, Ian"]
[Result "1/2-1/2"]
[TimeControl "90 min for 40 move + 30 min with an increment of 30 sec starting move 1"]
[WhiteFideId "1784269"]
[BlackFideId "1793926"]
[WhiteElo "1687"]
[BlackElo "1706"]

1. e4 e5 2. Nf3 Nc6 3. c3 d5 4. Qa4 f6 5. d3 dxe4 6. dxe4 Bd7 7. Qc2 Bd6 8. Be2 Nge7 9. O-O O-O 10.
Be3 f5 11. Nbd2 f4 12. Ng5 h6 13. Qb3+ Kh8 14. Nf7+ Rxf7 15. Qxf7 1/2-1/2

[Event "Minior-SM 2025"]
[Site "Uppsala, Sweden"]
[Date "2025.07.06"]
[Round "9.2"]
[White "Thamarai, Yohan"]
[Black "Leon, David"]
[Result "0-1"]
[TimeControl "90 min for 40 move + 30 min with an increment of 30 sec starting move 1"]
[WhiteFideId "1773011"]
[BlackFideId "1785338"]
[WhiteElo "1761"]
[BlackElo "1734"]

1. e4 e6 2. d4 d5 3. e5 c5 4. c3 Nc6 5. Nf3 Qb6 6. a3 Bd7 7. b4 cxd4 8. cxd4 Nge7 9. Nc3 Rc8 10.
Bb2 Nf5 11. Na4 Qd8 12. Bd3 g6 13. h4 h5 14. Bxf5 exf5 15. Ng5 Be7 16. Nc5 b6 17. e6 Bxe6 18. Ncxe6 fxe6 19. Nxe6 Qd6 20.
Qe2 Kf7 21. Nc5 Bf6 22. Nd3 Rhe8 23. Ne5+ Nxe5 24. dxe5 Bxe5 25. Kf1 Bc3 26. Qc2 Bxb4 27. Qa4 Ba5 28. Qd4 Rg8 29. Rh3 Rc4 30.
Qe3 Qf4 31. Qd3 Qe4 32. Rd1 Re8 33. Re3 Qxd3+ 34. Rexd3 Rc2 35. Ba1 Ree2 36. Bd4 Ke6 37. Be3 f4 38. Bd4 Kf5 39. f3 Rxg2 40.
Bg1 Rgd2 41. Rxd5+ Rxd5 42. Rxd5+ Ke6 43. Rg5 Kf7 44. Rd5 Rd2 45. Rxd2 Bxd2 46. Ke2 Be3 47. Bh2 Ke6 48. Kd3 Kd5 49.
Kc3 Kc5 50. Kd3 Kb5 51. Ke4 Ka4 52. Bxf4 Bxf4 53. Kxf4 Kxa3 54. Kg5 b5 55. Kxg6 b4 56. f4 b3 57. f5 b2 58. f6 b1=Q+ 59. Kg7 Qg1+ 60. Kh7 Qf2 61. Kg7 Qxh4 62.
f7 Qf4 0-1

[Event "Minior-SM 2025"]
[Site "Uppsala, Sweden"]
[Date "2025.07.06"]
[Round "9.3"]
[White "Dahlin, Emil"]
[Black "Hjalte, Eric"]
[Result "1/2-1/2"]
[TimeControl "90 min for 40 move + 30 min with an increment of 30 sec starting move 1"]
[WhiteFideId "1771035"]
[BlackFideId "1780344"]
[WhiteElo "1657"]
[BlackElo "1512"]

1. e4 c5 2. Nf3 Nc6 3. d4 cxd4 4. Nxd4 e5 5. Nb5 d6 6. c4 Be7 7. N1c3 a6 8. Na3 Nf6 9. Be2 O-O 10.
O-O Be6 11. Be3 Rc8 12. Nab1 Nd7 13. Nd5 Nc5 14. Nxe7+ Qxe7 15. f3 f5 16. exf5 Rxf5 17. Nc3 Rd8 18. Ne4 Nxe4 19. fxe4 Rxf1+ 20. Bxf1 Qh4 21. Bd3 Nb4 22. a3 Nxd3 23. Qxd3 Qe7 24. Rd1 Qc7 25. b3 Qa5 26. b4 Qc7 27. c5 d5 28. Qb3 Qc6 29.
Qd3 Rd7 30. exd5 Rxd5 31. Qe2 Rxd1+ 32. Qxd1 Qd7 33. Qxd7 Bxd7 34. Kf2 Kf7 35. g3 Kf6 36. Bd2 Ke6 37. Ke3 Kd5 38. Bc3 g6 39.
Bb2 Bf5 40. Ba1 Bd7 41. Bb2 Bf5 42. Bc3 Bd7 43. Bd2 Bf5 44. a4 Bd7 45. a5 h5 46. h4 Ba4 47. Kd3 Bb5+ 48. Ke3 Ba4 49.
Be1 Bd7 50. Bd2 1/2-1/2

[Event "Minior-SM 2025"]
[Site "Uppsala, Sweden"]
[Date "2025.07.06"]
[Round "9.4"]
[White "Cui, Ian"]
[Black "Bardhan, Sayak Raj"]
[Result "0-1"]
[TimeControl "90 min for 40 move + 30 min with an increment of 30 sec starting move 1"]
[WhiteFideId "1793926"]
[BlackFideId "1771850"]
[WhiteElo "1706"]
[BlackElo "1658"]

1. d4 d5 2. Bf4 c5 3. e3 cxd4 4. exd4 Nc6 5. c4 Nf6 6. Nf3 Bg4 7. Be2 e6 8. Nc3 Be7 9. c5 O-O 10.
O-O Ne8 11. h3 Bf5 12. Qa4 f6 13. Rfe1 e5 14. Be3 e4 15. Nd2 Nc7 16. Rad1 Be6 17. Nf1 f5 18. g3 Bg5 19. f4 exf3 20.
Bxf3 f4 21. gxf4 Bxf4 22. Bg2 Qh4 23. Bf2 Bh2+ 24. Nxh2 Qxf2+ 25. Kh1 Qh4 26. Re3 Rf2 27. Nf3 Qf4 28. Re2 Rxf3 29. Bxf3 Qxf3+ 30. Kg1 Qg3+ 31. Rg2 Qe3+ 32. Kh1 Bxh3 33. Rh2 Qf3+ 0-1